 Dungeon Crawl Stone Soup version 0.22-a0-512-g0943f25 (webtiles) character file.

22 topirishpotato the Insei (level 2, -6/18 HPs)
             Began as an Octopode Transmuter on June 18, 2018.
             Mangled by an iguana (10 damage)
             ... on level 2 of the Dungeon.
             The game lasted 00:01:08 (897 turns).

topirishpotato the Insei (Octopode Transmuter)       Turns: 897, Time: 00:01:09

Health: -6/18      AC:  1    Str:  9    XL:     2   Next: 91%
Magic:  5/5        EV: 13    Int: 15    God:
Gold:   9          SH:  0    Dex: 12    Spells: 2/5 levels left

rFire    . . .     SeeInvis .     - Unarmed
rCold    . . .     Gourm    .   (no shield)
rNeg     . . .     Faith    .   (helmet restricted)
rPois    .         Spirit   .   (no amulet)
rElec    .         Reflect  .   (no ring)
rCorr    .         Harm     .   (no ring)
MR       .....                  (no ring)
Stlth    ++........             (no ring)
HPRegen  0.06/turn              (no ring)
MPRegen  0.09/turn              (no ring)
                                (no ring)
                                (no ring)

@: no status effects
A: almost no armour, stealthy swim, amphibious, 8 rings, constrict 8, camouflage
1, gelatinous body 1
a: no special abilities


You were on level 2 of the Dungeon.
You were not hungry.

You visited 1 branch of the dungeon, and saw 2 of its levels.

You collected 9 gold pieces.

Inventory:

Missiles
 a - 28 arrows
Scrolls
 b - 2 scrolls of remove curse {unknown}
 d - a scroll of teleportation {unknown}
Potions
 e - 2 potions of curing {unknown}
 f - a potion of ambrosia {unknown}
 g - a potion of might {unknown}
Comestibles
 c - a ration


   Skills:
 + Level 1.0 Fighting
 + Level 2.1 Dodging
 + Level 3.7 Unarmed Combat
 + Level 2.2 Spellcasting
 + Level 2.0 Transmutations


You had 2 spell levels left.
You knew the following spells:

 Your Spells              Type           Power        Failure   Level  Hunger
a - Beastly Appendage     Tmut           #.....       10%         1    #......
b - Sticks to Snakes      Tmut           #.......     14%         2    ###....

Your spell library contained the following spells:

 Spells                   Type           Power        Failure   Level  Hunger
 Spider Form              Tmut/Pois      #.........   41%         3    ###....
 Blade Hands              Tmut           #.........   95%         5    ######.
 Ice Form                 Ice/Tmut       #.......     82%         4    #####..


Dungeon Overview and Level Annotations

Branches:
Dungeon (2/15)

Altars:


Innate Abilities, Weirdness & Mutations

You cannot wear most types of armour.
You are very stealthy in the water. (Stealth+)
You are amphibious.
You can wear up to eight rings at the same time.
You can use your tentacles to constrict eight enemies at once.
Your skin changes colour to match your surroundings (Stealth+).
Your rubbery body absorbs attacks. (AC +1, EV +1)


Message History

You open the door.
There is an open door here.
There is an open door here.
There is an open door here.
There is an open door here.
There is an open door here.
Done exploring.
Done exploring.
There is an escape hatch in the floor here.
You slide downwards.
The hatch slams shut behind you.
An iguana comes into view.
The helpless iguana fails to defend itself.
You tentacle-slap the iguana but do no damage.
Your grab misses the iguana. The iguana bites you!
Ouch! That really hurt!
* * * LOW HITPOINT WARNING * * *
You barely miss the iguana. You grab the iguana. You constrict the iguana.
The iguana bites you!
Ouch! That really hurt!
You die...

######### #
......l.#.#
######@#.#
#........#
#.####.###
#.# #.# #.#
..# ###


You could see an iguana.

Vanquished Creatures
  An ooze (D:1)
  2 dart slugs (D:1)
  A giant cockroach (D:1)
  4 goblins (D:1)
  A bat (D:1)
  2 frilled lizards (D:1)
  2 kobolds (D:1)
  2 rats (D:1)
15 creatures vanquished.

Notes
Turn   | Place    | Note
-------+----------+-------------------------------------------
     0 | D:1      | topirishpotato the Octopode Transmuter began the quest for the Orb.
     0 | D:1      | Reached XP level 1. HP: 13/13 MP: 3/3
   334 | D:1      | Reached XP level 2. HP: 18/18 MP: 5/5
   338 | D:1      | Learned a level 2 spell: Sticks to Snakes
   897 | D:2      | Mangled by an iguana

Vault maps used:
D:1:      matt_arrival_los_fun
D:2:      nicolae_overflow_hidden_temple,
          nicolae_dithmenos_through_a_glass_darkly, old_standard_altar

Action                   || total
-------------------------++-------
Melee: Unarmed           ||    31
       Constrict         ||     7
       Tentacles         ||     4
 Cast: Sticks to Snakes  ||     1
 Stab: Sleeping          ||     5
Armor: Skin              ||     2
Dodge: Dodged            ||    12

Table legend:
 A = Spawn XP
 B = Non-spawn XP
 C = Spawn XP percentage of total XP
 D = Spawn monster count
 E = Non-spawn monster count
 F = Spawn count percentage of total count
 G = Total turns spent on level
                    A         B        C        D         E        F      G
               +---------+---------+-------+---------+---------+-------+---------
         Total |       0 |      32 |   0.0 |       0 |      15 |   0.0 |   897
               +---------+---------+-------+---------+---------+-------+---------
           D:1 |       0 |      32 |   0.0 |       0 |      15 |   0.0 |   892
               +---------+---------+-------+---------+---------+-------+---------
